 Dungeon Crawl Stone Soup version 0.19.0-18-g426998a (webtiles) character file.

176 dysrexia the Insei (level 5, 0/41 HPs)
             Began as a Human Monk on Nov 11, 2016.
             Slain by a gnoll
             ... wielding a +0 halberd
              (1 damage)
             ... on level 4 of the Dungeon.
             The game lasted 00:08:48 (3586 turns).

dysrexia the Insei (Human Monk)                     Turns: 3586, Time: 00:08:49

Health: 0/41       AC:  3    Str: 15    XL:     5   Next: 86%
Magic:  5/5        EV: 13    Int: 10    God:
Gold:   139        SH:  3    Dex: 16    Spells: 0 memorised, 4 levels left

rFire  + . .     SeeInvis .       - Unarmed
rCold  . . .     Gourm    .     g - +0 leather armour (curse)
rNeg   . . .     Faith    .     (no shield)
rPois  .         Spirit   .     (no helmet)
rElec  .         Reflect  +     (no cloak)
rCorr  .         Harm     .     (no gloves)
MR     .....                    (no boots)
Stlth  ++........               k - +3 amulet of reflection
                                e - ring of protection from fire
                                j - +3 ring of strength

@: no status effects
A: no striking features
a: no special abilities


You were on level 4 of the Dungeon.
You were not hungry.

You visited 1 branch of the dungeon, and saw 4 of its levels.

You collected 139 gold pieces.

Inventory:

Armour
 a - a +0 robe
 g - a cursed +0 leather armour (worn)
 h - a +0 ring mail
Jewellery
 e - a ring of protection from fire (right hand)
 j - a +3 ring of strength (left hand)
 k - a +3 amulet of reflection (around neck)
Wands
 d - a wand of slowing (47/48)
Scrolls
 i - 2 scrolls of teleportation
 l - a scroll of immolation {unknown}
 r - 2 scrolls of recharging
 s - 3 scrolls of amnesia
 u - a scroll of blinking {unknown}
 w - 2 scrolls of identify
Potions
 m - 2 potions of degeneration {unknown}
 n - a potion of ambrosia {unknown}
 p - 2 potions of mutation
 q - a potion of cancellation {unknown}
 v - a potion of invisibility {unknown}
Comestibles
 b - 4 bread rations
 c - 4 meat rations
 f - 2 beef jerkies
 o - a royal jelly
 t - a chunk of flesh


   Skills:
 - Level 3.0 Fighting
 - Level 3.0 Dodging
 - Level 2.0 Stealth
 * Level 6.0 Unarmed Combat


You had 4 spell levels left.
You didn't know any spells.

Dungeon Overview and Level Annotations

Branches:
Dungeon (4/15)
 Temple: D:4-7

Altars:
Cheibriados
Trog

Annotations:
D:3 exclusion: downstairs
D:4 C0ssack's ghost, amateur MiFi


Message History

The gnoll is heavily wounded.
The gnoll barely misses you.
C0ssack's ghost shrieks, "Do you think the gods will protect you?"
You hit the gnoll but do no damage.
The gnoll is heavily wounded.
The gnoll hits you. The gnoll barely misses you.
You punch the gnoll!
You kill the gnoll!
C0ssack's ghost says very slowly, "There's no hope."
You block the gnoll's attack.
You hit C0ssack's ghost.
C0ssack's ghost is lightly damaged.
C0ssack's ghost says, "You will never get the ORB!"
C0ssack's ghost hits you!! The gnoll closely misses you.
You hit C0ssack's ghost but do no damage.
C0ssack's ghost is lightly damaged.
C0ssack's ghost hits you!
* * * LOW HITPOINT WARNING * * *
The gnoll hits you from afar with a halberd.
You die...

##.....##
##.......##
#.........#
#.(.......###
#............
..##.(.>.....#
........†!...##.##
..###..<.W@.......
........g....##...
................#
..##.......>.###..
. ...........#
...............
#..#.........#..
................
..###.....#....


You could see C0ssack's ghost and a gnoll.

Vanquished Creatures
  3 adders
  6 gnolls
  3 worms (D:2)
  A dart slug (D:1)
  A leopard gecko (D:3)
  3 orcs (D:3)
  2 ball pythons
  7 bats
  3 giant cockroaches
  8 hobgoblins
  8 jackals
  11 kobolds
  4 frilled lizards
  11 goblins
  10 rats
81 creatures vanquished.

Notes
Turn   | Place    | Note
-------+----------+-------------------------------------------
     0 | D:1      | dysrexia the Human Monk began the quest for the Orb.
     0 | D:1      | Reached XP level 1. HP: 18/18 MP: 1/1
   280 | D:1      | Reached XP level 2. HP: 11/24 MP: 2/2
   873 | D:1      | Reached skill level 4 in Unarmed Combat
   873 | D:1      | Reached XP level 3. HP: 25/29 MP: 3/3
  1441 | D:1      | Reached XP level 4. HP: 7/35 MP: 4/4
  1909 | D:2      | Found a bloodstained altar of Trog.
  1926 | D:2      | Reached skill level 5 in Unarmed Combat
  2527 | D:2      | Reached XP level 5. HP: 34/41 MP: 5/5
  2759 | D:3      | Found a snail-covered altar of Cheibriados.
  2957 | D:3      | Found a faded altar of an unknown god.
  3223 | D:4      | Noticed an orc warrior
  3224 | D:4      | HP: 1/41 [orc warrior/trident (21)]
  3316 | D:3      | Reached skill level 6 in Unarmed Combat
  3577 | D:4      | Noticed C0ssack's ghost (amateur MiFi)
  3583 | D:4      | HP: 1/41 [C0ssack's ghost (16)]
  3586 | D:4      | Slain by a gnoll

Skill      XL: |  1  2  3  4  5 |
---------------+----------------+-----
Unarmed Combat | 4 5 6 |  6.0
Fighting       | |  3.0
Dodging        | |  3.0
Stealth        | |  2.0

Action                   |  1- 3 |  4- 6 || total
-------------------------+-------+-------++-------
Melee: Unarmed           |   139 |   168 ||   307
       Punch             |     4 |     3 ||     7
  Use: Scroll            |       |     4 ||     4
 Stab: Distracted        |     1 |       ||     1
       Sleeping          |       |     1 ||     1
  Eat: Chunk             |     2 |     7 ||     9
Armor: Robe              |     4 |       ||     4
       Leather armour    |    22 |    25 ||    47
Dodge: Dodged            |    95 |    86 ||   181
Block: Other             |       |    15 ||    15
